 Dungeon Crawl Stone Soup version 0.28-a0-1038-g9c4cb8273d (webtiles) character file.

Game seed: 7575923244775475994

53 avis the Chopper (level 3, 0/33 HPs)
             Began as a Hill Orc Monk on Dec 9, 2021.
             Slain by a howler monkey (4 damage)
             ... on level 2 of the Dungeon.
             The game lasted 00:06:10 (2069 turns).

avis the Chopper (Hill Orc Monk)                    Turns: 2069, Time: 00:06:11

Health: 0/33       AC:  3    Str: 15    XL:     3   Next: 89%
Magic:  3/3        EV:  9    Int: 10    God:
Gold:   80         SH:  7    Dex: 13    Spells: 2/2 levels left

rFire   . . .      SeeInvis .   a - +0 hand axe
rCold   . . .      Faith    .   j - +0 kite shield
rNeg    . . .      Spirit   .   b - +0 robe
rPois   .          Reflect  .   d - +0 helmet
rElec   .          Harm     .   (no cloak)
rCorr   .          Rampage  .   (no gloves)
Will    .....                   (no boots)
Stlth   ++........              (no amulet)
HPRegen 0.11/turn               (no ring)
MPRegen 0.08/turn               (no ring)

@: no status effects
A: no striking features
a: no special abilities


You were on level 2 of the Dungeon.
You visited 1 branch of the dungeon, and saw 2 of its levels.

You collected 80 gold pieces.

Inventory:

Hand Weapons
 a - a +0 hand axe (weapon)
Missiles
 c - 43 stones (quivered)
 e - 10 bolts
 n - 22 sling bullets
Armour
 b - a +0 robe (worn)
 d - a +0 helmet (worn)
 j - a +0 kite shield (worn)
Scrolls
 g - a scroll of immolation {unknown}
 h - 2 scrolls of magic mapping {unknown}
 i - a scroll of blinking {unknown}
 k - a scroll of torment {unknown}
 m - a scroll of fear {unknown}
Potions
 f - 2 potions of haste {unknown}
 l - a potion of mutation {unknown}


   Skills:
 - Level 4.0 Fighting
 * Level 6.0 Axes
 - Level 2.4 Dodging
 - Level 1.5 Stealth


You had 2 spell levels left.
You didn't know any spells.
Your spell library was empty.

Dungeon Overview and Level Annotations

Branches:
Dungeon (2/15)

Altars:

Shops:
D:1 ((!*


Message History

The worm barely misses you.
You hit the worm.
The worm is almost dead.
The worm misses you.
You barely miss the worm.
The worm is almost dead.
The howler monkey howls!
You hit the worm.
You kill the worm!
The howler monkey hoots and howls with incredible vigour!
Your Axes skill increases to level 6!
You hit the howler monkey.
The howler monkey is lightly wounded.
The howler monkey barely misses you.
You hit the howler monkey but do no damage.
The howler monkey is lightly wounded.
The howler monkey hoots and howls with incredible vigour!
You block the howler monkey's attack.
You closely miss the howler monkey.
The howler monkey is lightly wounded.
You block the howler monkey's attack.
You hit the howler monkey but do no damage.
The howler monkey is lightly wounded.
The howler monkey hits you.
* * * LOW HITPOINT WARNING * * *
The howler monkey barely misses you.
You hit the howler monkey.
The howler monkey is moderately wounded.
You block the howler monkey's attack. The howler monkey closely misses you.
You hit the howler monkey.
The howler monkey is heavily wounded.
The howler monkey hoots and howls with incredible vigour!
You slash the howler monkey!
The howler monkey is almost dead.
You block the howler monkey's attack. The howler monkey hits you.
* * * LOW HITPOINT WARNING * * *
You barely miss the howler monkey.
The howler monkey is almost dead.
The howler monkey hits you.
You die...

###################### #####
.#†...#......##.@h...##....
.#..#.#.....##..##..##..#
....#.#.#..##..##..##...##..
..#.#...#.##..##..##w...h.h#
..#.....#....##.........#..#
..######.##.#.#####g.##.#
..# ..######.##.#.# ##....#
# .........##.#.# ####.#
..######......# #


You could see a howler monkey.

Vanquished Creatures
  4 worms (D:2)
  2 dart slugs (D:1)
  2 ball pythons (D:2)
  An endoplasm (D:1)
  A giant cockroach (D:2)
  5 goblins
  4 hobgoblins
  4 jackals (D:1)
  A kobold (D:1)
  A quokka (D:2)
  5 bats
  A frilled lizard (D:2)
  3 rats (D:1)
34 creatures vanquished.

Notes
Turn   | Place    | Note
-------+----------+-------------------------------------------
     0 | D:1      | avis the Hill Orc Monk began the quest for the Orb.
     0 | D:1      | Reached XP level 1. HP: 19/19 MP: 1/1
   214 | D:1      | Reached XP level 2. HP: 20/26 MP: 2/2
   399 | D:1      | Found Detaarph's Distillery.
   418 | D:1      | Reached skill level 5 in Axes
   533 | D:1      | Found Zutsyirr's Weapon Emporium.
   686 | D:1      | Found Huischuqae's Weapon Shop.
   888 | D:1      | Found Zeyhotih's General Store.
  1242 | D:1      | Reached XP level 3. HP: 31/33 MP: 3/3
  2062 | D:2      | Reached skill level 6 in Axes
  2069 | D:2      | Slain by a howler monkey

Illustrated notes

Levels and vault maps discovered:
D:1:      dpeg_arrival_subterranean_lakeside_camping, layout_basic,
          serial_shops, shop, nicolae_shop_stone, shop, shop
D:2:      minmay_thinvault, layout_loops_corners, basic_altar

Skill      XL: |  1  2  3 |
---------------+----------+-----
Axes           | 5 6 |  6.0
Fighting       | 4 |  4.0
Dodging        | |  2.4
Stealth        | |  1.5

Action                   || total
-------------------------++-------
Melee: Hand axe          ||   164
 Stab: Sleeping          ||     3
Armor: Robe              ||    26
Dodge: Dodged            ||    72
Block: Kite shield       ||    33

Table legend: (Time is in decaauts)
 A = Elapsed time spent in this place.
 B = Non-inter-level travel time spent in this place.
 C = Inter-level travel time spent in this place.
 D = Time resting spent in this place.
 E = Time spent auto-exploring this place.
 F = Levels seen in this place.
 G = Mean time per level.
                   A        B        C        D        E       F      G
               +--------+--------+--------+--------+--------+-----+--------+
         Total |   2109 |   2014 |     95 |    905 |    645 |   2 | 1054.5 |
       Dungeon |   2109 |   2014 |     95 |    905 |    645 |   2 | 1054.5 |
               +--------+--------+--------+--------+--------+-----+--------+

Top non-repeatable levels by time:
     D:1: 1472 daAuts
     D:2: 637 daAuts
